[Event "*** Titled Tuesday Blitz"]
[Site "Chess.com"]
[Date "2018.06.05"]
[Round "4"]
[White "The_Unbeatable_One"]
[Black "Gareth-Bale11"]
[Result "1-0"]
[WhiteElo "2704"]
[BlackElo "2438"]
[TimeControl "180+2"]
[EndTime "13:59:05 PDT"]
[Termination "The_Unbeatable_One won by checkmate"]

1. Nf3 d5 2. g3 Nf6 3. Bg2 g6 4. b3 Bg7 5. Bb2 O-O 6. O-O c5 7. c4 d4 8. d3 Nc6 9. Nbd2 e5 10. a3 a5 11. Ne1 Bf5 12. Ne4 Nxe4 13. dxe4 Be6 14. Nd3 b6 15. f4 f6 16. f5 Bf7 17.
a4 g5 18. Bc1 Ne7 19. Bd2 Nc8 20. Qc2 Nd6 21. Nf2 Be8 22. Qd3 Bc6 23. Bf3 Qd7 24.
h4 h6 25. hxg5 hxg5 26. Kg2 Rae8 27. Bh5 Re7 28. Rh1 Qxf5 29. Bf3 Qc8 30. g4 Qb7 31.
Rh5 Kf7 32. Rah1 Ke8 33. Rh7 Kd7 34. R1h5 Kc8 35. Rh3 Kb8 36. Rh2 Ka7 37. R2h3 Ka6 38. Rh2 Nf7 39. Rxg7 Nd6 40. Rxe7 Qxe7 41. Qc2 Qb7 42.
Qb1 f5 43. gxf5 g4 44. Rh6 gxf3+ 45. exf3 Rg8+ 46. Kf1 Nxf5 47. exf5 Bxf3 48. Rg6 Rh8 49. Rg1 e4 50. Bf4 e3 51. f6 Qd7 52. Qg6 Re8 53. f7 Rf8 54. Nd3 Qxf7 55. Qd6 Ka7 56. Rg6 Qb7 57. Qxf8 Be4 58. Rg7 Bxd3+ 59. Ke1 Bc2 60.
Rxb7+ Kxb7 61. Qe7+ Kc6 62. Qe6+ Kb7 63. Qd7+ Ka6 64.
Qc8+ Ka7 65. Qb8+ Ka6 66. Qa8# 1-0

[Event "*** Titled Tuesday Blitz"]
[Site "Chess.com"]
[Date "2018.06.05"]
[Round "4"]
[White "LuisFSiles"]
[Black "saraswathii"]
[Result "0-1"]
[WhiteElo "2135"]
[BlackElo "2279"]
[TimeControl "180+2"]
[EndTime "13:59:07 PDT"]
[Termination "saraswathii won on time"]

1. e4 c5 2. Nf3 e6 3. c3 Nf6 4. e5 Nd5 5. Bc4 Nb6 6. Bb3 c4 7. Bc2 Nc6 8. b3 Qc7 9. Qe2 cxb3 10. axb3 d6 11. d4 dxe5 12. dxe5 Be7 13. O-O O-O 14.
Qe4 g6 15. Bh6 Rd8 16. h4 Nd7 17. Re1 b6 18. h5 Nc5 19. Qg4 Nd3 20. hxg6 fxg6 21.
Re3 Ndxe5 22. Nxe5 Nxe5 23. Qg3 Bd6 24. Bf4 Nc6 25.
Bxd6 Qxd6 26. f4 Ne7 27. Na3 Bd7 28. Nc4 Qc5 29. Kh2 Qh5+ 30. Kg1 Qc5 31. Kh2 Rf8 32. Ne5 Be8 33. Rae1 Rd8 34. b4 Qc7 35. Ng4 Nd5 36. Rxe6 Bd7 37. Nh6+ Kh8 38. Rxg6 hxg6 39. Qxg6 Qxf4+ 40. Kg1 Qf2+ 41. Kh2 Qh4+ 42. Kg1 Qxe1+ 43. Kh2 Qh4+ 44.
Kg1 Nf6 0-1

[Event "*** Titled Tuesday Blitz"]
[Site "Chess.com"]
[Date "2018.06.05"]
[Round "4"]
[White "bangchess21"]
[Black "Jbd735"]
[Result "0-1"]
[WhiteElo "2515"]
[BlackElo "2385"]
[TimeControl "180+2"]
[EndTime "13:59:09 PDT"]
[Termination "Jbd735 won by resignation"]

1. e4 e5 2. Nf3 Nc6 3. d4 exd4 4. Nxd4 Bc5 5. Nxc6 Qf6 6. f4 dxc6 7. Nc3 h5 8.
Bd3 Bg4 9. Qd2 O-O-O 10. e5 Qh4+ 11. g3 Qe7 12. Ne4 Bf3 13. Nxc5 Bxh1 14. Qb4 b6 15. Bf5+ Kb8 16. Be3 Ka8 17. Qa3 h4 18. g4 Nh6 19.
b4 Nxf5 20. Qa6 Nd6 21. Ke2 Bd5 22. exd6 cxd6 23. Na4 Kb8 24. Re1 Qe4 25. Kd2 Qxb4+ 26. c3 Qb5 27. Qxb5 cxb5 28. Nb2 Bxa2 29. Nd3 Bc4 30. Nb4 Kb7 31. f5 a5 32. Nc2 Rhe8 33. Rb1 h3 34. Bd4 f6 35. Ne3 Re4 36. g5 Kc6 37. gxf6 gxf6 38. Bxf6 Rde8 39. Bd4 Bf7 40. Rg1 Rg8 41. Rf1 b4 42. Kd3 Ree8 43. Rb1 b3 44. c4 a4 45. Kc3 Ra8 46. Kb4 Rge8 47. f6 Re4 48. Kc3 a3 49. Nf5 a2 50. Ne7+ Rxe7 0-1

[Event "*** Titled Tuesday Blitz"]
[Site "Chess.com"]
[Date "2018.06.05"]
[Round "4"]
[White "nabukatnezarr"]
[Black "FMAntonio"]
[Result "0-1"]
[WhiteElo "2319"]
[BlackElo "2439"]
[TimeControl "180+2"]
[EndTime "13:59:10 PDT"]
[Termination "FMAntonio won by checkmate"]

1. d4 Nf6 2. c4 e6 3. Nf3 d5 4.
cxd5 exd5 5. Nc3 Be7 6. Bg5 O-O 7. e3 h6 8. Bxf6 Bxf6 9. Bd3 Be6 10. O-O b6 11. a4 Nd7 12. a5 c5 13. Bb5 Qe7 14. Bc6 Rad8 15. Bxd5 cxd4 16. exd4 Bxd5 17. Nxd5 Qd6 18.
Nxf6+ Nxf6 19. Qa4 Rfe8 20. Rfe1 Qd5 21. axb6 axb6 22. h3 Rc8 23. Re5 Qd6 24. Rae1 Red8 25. Qb3 Rc7 26. Rb5 Nd5 27. g3 Rb7 28. Kg2 Nc7 29.
Rbe5 Ne6 30. Qd3 Rbb8 31. Rc1 Nxd4 32. Re3 Ne6 33. Qf5 Qd5 34. Re5 Qd3 35. Qg4 Nc5 36.
Rce1 Qd6 37. Rf5 Ne6 38. Re4 Rb7 39. Rfe5 Rbd7 40. h4 Kh8 41. Rxe6 fxe6 42. Rxe6 Qd5 43. Rxb6 Rf7 44. Ra6 Rdf8 45. Ra3 Qc6 46. Re3 Qd5 47. b4 h5 48. Qg5 Rf5 49. Re5 Qxf3+ 50. Kh3 Rxg5 51.
Rxg5 Qh1# 0-1

[Event "*** Titled Tuesday Blitz"]
[Site "Chess.com"]
[Date "2018.06.05"]
[Round "4"]
[White "GGX0X0"]
[Black "Godzillator"]
[Result "0-1"]
[WhiteElo "2318"]
[BlackElo "2253"]
[TimeControl "180+2"]
[EndTime "13:59:14 PDT"]
[Termination "Godzillator won by resignation"]

1. e4 c6 2. Nc3 d5 3. Nf3 Bg4 4. h3 Bxf3 5. Qxf3 Nf6 6. e5 Nfd7 7. d4 e6 8. Bf4 c5 9. Nb5 Nc6 10. c3 cxd4 11. cxd4 a6 12. Nd6+ Bxd6 13. exd6 Nxd4 14. Qd1 Qa5+ 15. Bd2 Qc5 16. Bc3 Nf5 17. g4 d4 18.
gxf5 dxc3 19. fxe6 fxe6 20. Rc1 Qe5+ 21. Qe2 cxb2 22.
Rb1 Qa5+ 23. Qd2 Qxd2+ 24. Kxd2 O-O-O 25. Rxb2 Ne5 26. Ke3 Rxd6 27. Be2 Rf8 28. Rc1+ Rc6 29.
Rg1 g6 30. Rb4 Rc3+ 31. Kd4 Rc2 32. Re1 Nc6+ 33. Kd3 Nxb4+ 34. Ke3 Nd5+ 35. Kd4 Rxf2 36.
Bg4 Rf4+ 37. Ke5 Rxg4 38. hxg4 Rxa2 39. Kxe6 Nc7+ 40. Kf7 Rg2 41. Re4 h5 42. gxh5 gxh5 43. Rd4 Rf2+ 44. Ke7 Re2+ 45. Kf7 Re5 46. Kf6 Rd5 47.
Rc4 b5 48. Rc6 Kb7 49. Rc1 Kb6 50. Ra1 a5 51. Rc1 b4 52. Rb1 Rc5 53. Rd1 Kb5 54. Rd7 a4 55. Rd8 b3 56. Rb8+ Kc4 57. Kg6 a3 58.
Kh6 a2 59. Ra8 Kc3 60. Ra4 Kb2 61. Ra7 a1=Q 62. Rxa1 Kxa1 63. Kg7 b2 64. Kh6 h4 65. Kg7 h3 66. Kh6 h2 67. Kg7 h1=Q 68. Kf8 0-1

[Event "*** Titled Tuesday Blitz"]
[Site "Chess.com"]
[Date "2018.06.05"]
[Round "4"]
[White "savinspm"]
[Black "Sameer555"]
[Result "0-1"]
[WhiteElo "2128"]
[BlackElo "2188"]
[TimeControl "180+2"]
[EndTime "13:59:16 PDT"]
[Termination "Sameer555 won by resignation"]

1. e4 c5 2. Nc3 a6 3. a4 Nc6 4. g3 g6 5. Bg2 Bg7 6. d3 e6 7. Be3 Nd4 8. Nf3 Ne7 9. Qd2 O-O 10. Nd1 Nec6 11. O-O Rb8 12. Ra3 Nxf3+ 13. Bxf3 Nd4 14. Bg2 b5 15. axb5 axb5 16. c3 b4 17. Ra2 b3 18.
Ra4 Nc2 19. Bxc5 d6 20. Be3 Bd7 21. Ra6 Qc7 22. Ra7 Qc6 23. e5 d5 24. d4 Nxe3 25.
Nxe3 Ra8 26. Rfa1 Rxa7 27. Rxa7 Ra8 28. Rxa8+ Qxa8 29. Bf1 Qa1 30. Kg2 Bf8 31. f4 Ba3 32. bxa3 b2 33. Bd3 Bb5 34. Bc2 Ba4 35. Bd3 Qc1 36.
Qe2 Qxc3 37. Nd1 Bxd1 38. Qxd1 Qxa3 39. Bb1 Qe3 40. Qd3 Qe1 41. Qc2 Qb4 42. Qd3 Qe1 43. h4 h5 44. Kf3 Qh1+ 45. Ke2 Qg2+ 46. Kd1 Kg7 47. Bc2 Kg8 48. Qb3 Qg1+ 49. Ke2 Qxd4 50. Bd3 Qg1 51. Kd2 Qxg3 52. Qxb2 Qxf4+ 53. Kc2 Qxh4 54. Qb8+ Kg7 55. Qd6 Qf2+ 56. Kc3 h4 57. Qe7 Qe1+ 58. Kd4 Qa1+ 59. Ke3 Qxe5+ 60. Kf3 Qg3+ 61. Ke2 h3 62.
Qc5 h2 63. Qc1 Qg2+ 64. Ke3 Qg5+ 0-1

[Event "*** Titled Tuesday Blitz"]
[Site "Chess.com"]
[Date "2018.06.05"]
[Round "4"]
[White "BillieKimbah"]
[Black "Firouzja2003"]
[Result "1-0"]
[WhiteElo "2766"]
[BlackElo "2940"]
[TimeControl "180+2"]
[EndTime "13:59:19 PDT"]
[Termination "BillieKimbah won by resignation"]

1. Nf3 Nf6 2. g3 g6 3. Bg2 Bg7 4. d4 O-O 5. O-O d6 6. c4 Nbd7 7. Nc3 e5 8. e4 exd4 9. Nxd4 Re8 10. h3 Nc5 11. Re1 h6 12. Rb1 a5 13. Ndb5 Bf8 14.
Bf4 Nh5 15. Be3 c6 16. Nd4 Nf6 17. Qc2 Bd7 18. Rbd1 Qc8 19. Kh2 Bg7 20. f4 Qc7 21. Nb3 b6 22. Nxc5 bxc5 23. Qd2 Bf8 24. Bf2 Rad8 25.
b3 Bc8 26. Qc2 h5 27. Kg1 Bg7 28. Rd2 Nh7 29. Na4 Nf8 30. Nc3 Ne6 31. Ne2 Nf8 32.
Red1 Ne6 33. Re1 Nf8 34. Qd1 Ne6 35. Rd3 Nf8 36. Qd2 f5 37. Nc3 fxe4 38. Nxe4 Bf5 39.
Rde3 Qc8 40. Ng5 Rxe3 41. Qxe3 Bd4 42. Qe7 Rd7 43. Qe2 Bg7 44. g4 hxg4 45. hxg4 Bc3 46. Rc1 Bf6 47. gxf5 Re7 48. Qd3 gxf5 49. Re1 Rxe1+ 50.
Bxe1 Qe8 51. Bf2 Bd4 52. Bxd4 cxd4 53. Qxd4 Qe1+ 54. Kh2 Qh4+ 55. Nh3 Nh7 56. Qxd6 Nf6 57. Qe6+ Kg7 58. Bxc6 Qg4 59. Qe7+ Kg6 60. Be8+ Nxe8 61. Qxe8+ Kh7 1-0

[Event "*** Titled Tuesday Blitz"]
[Site "Chess.com"]
[Date "2018.06.05"]
[Round "4"]
[White "NormWeinstein"]
[Black "Muracle"]
[Result "0-1"]
[WhiteElo "2373"]
[BlackElo "2454"]
[TimeControl "180+2"]
[EndTime "13:59:19 PDT"]
[Termination "Muracle won by resignation"]

1. e4 g6 2. d4 Bg7 3. Nf3 c5 4.
Nc3 cxd4 5. Nxd4 Nc6 6. Be3 Nf6 7. Bc4 O-O 8. Bb3 d6 9. h3 a6 10. O-O Nxd4 11. Bxd4 b5 12. e5 dxe5 13. Bxe5 Bb7 14.
Qe2 Qb6 15. Rad1 Rfd8 16. Rfe1 Qc6 17. f3 b4 18. Bxf6 Qxf6 19. Nd5 Bxd5 20. Bxd5 Ra7 21.
Bxf7+ Kxf7 22. Rxd8 Qb6+ 23. Qe3 Qxd8 24. Qf4+ Kg8 25.
Qxb4 Qd4+ 26. Qxd4 Bxd4+ 27. Kf1 Bxb2 28. Rb1 Bd4 29.
Ke2 Kf7 30. Kd3 Bc5 31. Rb8 Rd7+ 32. Ke4 Rd4+ 33. Ke5 Bd6+ 34. Kxd4 Bxb8 35. Kd5 Bg3 36. a4 Be1 37. c4 Ke8 38. Kc6 Kd8 39. Kb7 a5 40. c5 Bf2 41. c6 Bg3 42. Kb6 Bc7+ 43. Kb7 h5 44. h4 Bg3 45. Kb6 Kc8 46. Kxa5 Bxh4 47. Kb6 Bf2+ 48. Kb5 Kc7 49. a5 h4 50. a6 g5 51. Kc4 Kxc6 52. Kd3 e5 53. Ke4 Bg3 54. Kf5 Bf4 55. Ke6 Kb6 56. Kd5 Ka7 57.
Kc6 Kxa6 58. Kd5 Kb5 59. Ke4 Kc4 0-1

[Event "*** Titled Tuesday Blitz"]
[Site "Chess.com"]
[Date "2018.06.05"]
[Round "4"]
[White "Anton_Demchenko"]
[Black "TST2014"]
[Result "1-0"]
[WhiteElo "2767"]
[BlackElo "2475"]
[TimeControl "180+2"]
[EndTime "13:59:21 PDT"]
[Termination "Anton_Demchenko won by resignation"]

1. e4 c5 2. Nf3 Nc6 3. Bb5 g6 4. Bxc6 dxc6 5. d3 Bg7 6. h3 Nf6 7. Nc3 O-O 8. Be3 b6 9. Qd2 e5 10. Bh6 Qd6 11. O-O Be6 12. Bxg7 Kxg7 13. Ng5 Nh5 14. Nxe6+ fxe6 15. b3 Rf7 16. g3 Raf8 17. Kg2 Qd4 18. f3 Qd8 19. Ne2 h6 20. Rf2 Rf6 21.
Qc3 Qc7 22. Raf1 R8f7 23. h4 Kh7 24. a3 Qb8 25. b4 cxb4 26. axb4 Qc7 27. Rh1 Qd6 28.
d4 exd4 29. Qxd4 Qxd4 30. Nxd4 e5 31. Ne2 Rd6 32. Nc1 Nf6 33. Nd3 Nd7 34. Ra1 c5 35. Rxa7 c4 36. Nc1 Kg7 37. Na2 Rd1 38. Nc3 Rc1 39. Nd5 b5 40. Rb7 Nf6 41. Rxb5 Nxd5 42. Rxd5 Rb7 43. b5 Rb1 44. Rxe5 R7xb5 45. Rxb5 Rxb5 46.
f4 Kf6 47. Kf3 g5 48. hxg5+ hxg5 49. Rh2 gxf4 50. gxf4 Rb2 51. Ke3 Kg6 52. Kd4 Rb4 53.
c3 Ra4 54. f5+ Kg5 55. Rg2+ Kf4 56. Rf2+ Kg5 57. f6 Ra8 58. f7 Rf8 59. e5 Kg6 60. e6 Rd8+ 61. Kxc4 Rc8+ 62. Kd4 Kg7 63. f8=Q+ Rxf8 64. Rxf8 Kxf8 65. Ke5 Ke7 66. c4 Kd8 67.
Kf6 Ke8 68. e7 1-0

[Event "*** Titled Tuesday Blitz"]
[Site "Chess.com"]
[Date "2018.06.05"]
[Round "4"]
[White "albi1999"]
[Black "SCIM"]
[Result "0-1"]
[WhiteElo "2534"]
[BlackElo "2395"]
[TimeControl "180+2"]
[EndTime "13:59:29 PDT"]
[Termination "SCIM won by resignation"]

1. d4 d5 2. c4 e6 3. Nf3 Nf6 4. g3 dxc4 5. Bg2 a6 6. O-O Nc6 7. e3 Bd7 8. Qe2 Bd6 9. Qxc4 O-O 10. Nbd2 Rb8 11. Qc2 Qe7 12. Nc4 Nb4 13. Qb3 Nbd5 14.
Bd2 Ne4 15. Nxd6 cxd6 16. Bb4 Nxb4 17. Qxb4 Bc6 18. Rfc1 Rfc8 19. Rc2 Bd5 20. Rac1 Rxc2 21. Rxc2 Qd7 22. b3 Rc8 23. Qa4 b5 24. Rxc8+ Qxc8 25. Qa5 h6 26. h3 Qc1+ 27. Kh2 Nxf2 28. Qxa6 Qxe3 29. Qc8+ Kh7 30. Nh4 Bxg2 31. Nxg2 Qxd4 32. Qc2+ Ne4 33. a4 bxa4 34. bxa4 Qe5 35. Nf4 f5 36.
Ne2 Qc5 37. Qxc5 Nxc5 38. a5 Kg6 39. Kg2 Kf6 40. Nc3 Ke5 41. Nb5 Na6 42. Kf3 g5 43. Ke3 Nc5 44. Nc7 d5 45. a6 Nxa6 46. Nxa6 f4+ 47.
gxf4+ gxf4+ 48. Kd3 Kf5 49. Nb4 Kg5 50. Ke2 Kh4 51. Kf3 Kxh3 52. Kxf4 h5 53. Nc6 h4 54. Nd4 Kg2 55. Nxe6 h3 56. Ke3 h2 57. Nf4+ Kg3 58.
Ne2+ Kg4 59. Nc3 0-1

[Event "*** Titled Tuesday Blitz"]
[Site "Chess.com"]
[Date "2018.06.05"]
[Round "4"]
[White "ama18"]
[Black "EmreDedebas"]
[Result "0-1"]
[WhiteElo "2260"]
[BlackElo "2391"]
[TimeControl "180+2"]
[EndTime "13:59:33 PDT"]
[Termination "EmreDedebas won by resignation"]

1. e4 e5 2. Nf3 Nc6 3. Bb5 Nf6 4. O-O Nxe4 5. Re1 Nd6 6. Nxe5 Nxe5 7. Rxe5+ Be7 8. Bf1 O-O 9. d4 Bf6 10. Re1 Re8 11.
Rxe8+ Nxe8 12. c3 d5 13. Nd2 Nd6 14. Nf3 c6 15. Bd3 g6 16. Ne5 Bf5 17. Qf3 Bxd3 18. Qxd3 Qe7 19. Bf4 Re8 20. h3 Bg7 21. Ng4 h5 22.
Ne3 Ne4 23. Re1 Qh4 24. g3 Qxh3 25. Nf1 Re6 26. f3 Nf6 27. Rxe6 Qxe6 28. Kf2 Qh3 29. Qe3 Qe6 30. Qd3 Bf8 31. Ne3 Be7 32. b3 Nd7 33. Ng2 b5 34. Qd2 a5 35. Bg5 Kg7 36. Nf4 Qd6 37. Nd3 f6 38. Bh6+ Kf7 39. Bf4 Qe6 40. Kg2 Qf5 41. Nf2 g5 42. Be3 Bd6 43. g4 Qh7 44. gxh5 Qxh5 45. Ng4 f5 46. Ne5+ Nxe5 47.
dxe5 Bxe5 48. Bxg5 Qh2+ 49. Kf1 Qh1+ 50. Ke2 Qg2+ 51. Kd1 Qxf3+ 52. Kc2 f4 53. Qh2 Qxc3+ 54. Kd1 Qa1+ 55. Ke2 Qxa2+ 0-1

[Event "*** Titled Tuesday Blitz"]
[Site "Chess.com"]
[Date "2018.06.05"]
[Round "4"]
[White "vincentmasuka"]
[Black "Manukyan_Artak"]
[Result "0-1"]
[WhiteElo "2228"]
[BlackElo "2348"]
[TimeControl "180+2"]
[EndTime "13:59:34 PDT"]
[Termination "Manukyan_Artak won by resignation"]

1. e4 c6 2. Nc3 d5 3. Nf3 Bg4 4. h3 Bxf3 5. Qxf3 Nf6 6. d4 dxe4 7. Qe3 Nbd7 8. Nxe4 Nxe4 9. Qxe4 Nf6 10. Qd3 e6 11. Be2 Bd6 12. O-O Nd5 13. Bf3 O-O 14. c3 Qh4 15. Qe4 Qxe4 16. Bxe4 Nf6 17. Bf3 Rfd8 18. Bg5 Be7 19. Rad1 Kf8 20. Rfe1 a5 21. Kf1 a4 22. a3 Rd7 23. g3 Rad8 24. Bc1 Nd5 25. h4 Bf6 26. Kg2 Nb6 27. Be4 h5 28. Bc2 Ra8 29. f3 Nc4 30. g4 hxg4 31. fxg4 Bxh4 32. Rh1 g5 33. Bxg5 Bxg5 34. Rh8+ Ke7 35. Rxa8 Ne3+ 36.
Kf3 Nxd1 37. Bxd1 Bc1 38. Rxa4 Bxb2 39. Rc4 Bxa3 40. Bc2 Bd6 41. Ra4 c5 42. Ra7 cxd4 43. cxd4 b5 44. Rxd7+ Kxd7 45. Ke4 Kc6 46. Bd1 Bh2 47. g5 Kd6 48. Bh5 Ke7 49. g6 f5+ 50.
Kd3 Kf6 51. Kc3 Bd6 52. Kd3 Bf8 53. Kc3 Kg5 54. g7 Bxg7 55. Be2 b4+ 56. Kxb4 Bxd4 57.
Kc4 Bf2 58. Kd3 Kf6 59. Bd1 e5 60. Ke2 Bc5 61. Bc2 e4 62. Ba4 f4 63. Bc6 Ke5 64. Bd7 f3+ 65. Kf1 e3 66. Bb5 Kd4 67. Ba6 Be7 68. Bb5 Bh4 69. Ba6 Kc3 0-1

[Event "*** Titled Tuesday Blitz"]
[Site "Chess.com"]
[Date "2018.06.05"]
[Round "4"]
[White "Arystanner23"]
[Black "dretch"]
[Result "1/2-1/2"]
[WhiteElo "2633"]
[BlackElo "2748"]
[TimeControl "180+2"]
[EndTime "13:59:35 PDT"]
[Termination "Game drawn by repetition"]

1. e4 e6 2. d4 d5 3. Nd2 Be7 4. Bd3 c5 5. dxc5 Nf6 6. Qe2 O-O 7. Ngf3 a5 8. O-O Na6 9. e5 Nd7 10. c3 Naxc5 11. Bb5 a4 12. Nd4 Qb6 13. f4 Nb8 14. Kh1 Nc6 15. N2f3 a3 16. b3 Ne4 17. Nxc6 bxc6 18. Bd3 Nxc3 19. Qc2 Ne4 20. Bxe4 dxe4 21. Qxe4 Ba6 22. Rd1 Rfd8 23. Be3 Qb4 24. Qxb4 Bxb4 25. Bb6 Rd3 26. Nd4 Rb8 27. Rxd3 Bxd3 28. Bc7 Rc8 29.
Bd6 c5 30. Rc1 Ba6 31. h3 Ra8 32. Nc6 Bd2 33. Rxc5 Bxf4 34. Ra5 Bb7 35. Ne7+ Kh8 36.
Rb5 Ba6 37. Ra5 f6 38. Nc6 Bb7 39. Rxa8+ Bxa8 40. Nd4 Bd5 41. Nb5 fxe5 42. Nxa3 Kg8 43. Nc4 Bxc4 44. bxc4 Kf7 45. a4 Ke8 46. c5 Kd7 47. Kg1 Be3+ 48. Kf1 e4 49. a5 Kc6 50. a6 Bd4 51. Ke2 g6 52. g4 Bg1 53. Be7 Bd4 54. Bd6 Bg1 55. Be7 e5 56. Bd6 Bd4 57. Be7 Kc7 58. Bd6+ Kc6 59. Be7 Kc7 60. Bd6+ Kc6 61.
Be7 Kc7 62. Bd6+ 1/2-1/2

[Event "*** Titled Tuesday Blitz"]
[Site "Chess.com"]
[Date "2018.06.05"]
[Round "4"]
[White "gmjlh"]
[Black "TigranLPetrosyan"]
[Result "0-1"]
[WhiteElo "2620"]
[BlackElo "2818"]
[TimeControl "180+2"]
[EndTime "13:59:36 PDT"]
[Termination "TigranLPetrosyan won on time"]

1. e4 g6 2. d4 Bg7 3. Nc3 a6 4. Nf3 b5 5. Bd3 Bb7 6. O-O d6 7. a4 b4 8. Nd5 Bxd5 9. exd5 Nf6 10. Bc4 O-O 11. Qe2 c6 12. dxc6 d5 13. Bd3 Nxc6 14. Bxa6 Qb6 15. Bb5 Ne4 16. Bxc6 Qxc6 17. Ne5 Bxe5 18.
dxe5 Rfc8 19. f3 Nc5 20. b3 Ne6 21. Ra2 Nd4 22. Qd2 Nxc2 23. Bb2 Qb6+ 24. Rf2 Rc6 25. h4 Rac8 26. Kh2 h5 27. Re2 Na3 28. e6 Rxe6 29. Rxe6 Qxe6 30. Qxb4 Nc2 31. Qf4 Ne3 32. Qe5 Qxe5+ 33. Bxe5 f6 34. Bd4 Nf5 35. Bf2 d4 36. a5 e5 37. a6 Nd6 38. a7 Ra8 39. f4 Nc8 40. fxe5 fxe5 41. Re2 Nxa7 42. Rxe5 Rd8 43. Be1 d3 44. Bd2 Kf7 45. Kg3 Nc6 46.
Re4 Nd4 47. Kf2 Nxb3 48. Ke3 Rd5 49. Rf4+ Ke6 50. Re4+ Kd7 51. Rb4 Nc5 52. Rd4 Ke6 53. Rxd5 Kxd5 54. Bb4 Na6 55. Bf8 Kc4 56. Ba3 Kc3 57.
Bc1 Kc2 58. Bd2 Nc7 59. Ba5 Nd5+ 60. Kd4 Nf4 61. g3 Ne2+ 62. Ke5 Nxg3 63. Kf6 Ne4+ 64. Kxg6 Nc3 0-1

[Event "*** Titled Tuesday Blitz"]
[Site "Chess.com"]
[Date "2018.06.05"]
[Round "4"]
[White "Aygehovit1992"]
[Black "RDMGUY01"]
[Result "1-0"]
[WhiteElo "2511"]
[BlackElo "2385"]
[TimeControl "180+2"]
[EndTime "13:59:38 PDT"]
[Termination "Aygehovit1992 won by resignation"]

1. e4 c5 2. Be2 d6 3. f4 Nc6 4. Nf3 Nf6 5. Nc3 e6 6. O-O Be7 7. b3 O-O 8. Bb2 a6 9. e5 dxe5 10. fxe5 Nd7 11. Ne4 Qc7 12. Qe1 Ndxe5 13. Nxe5 Nxe5 14.
Qg3 f6 15. Nxf6+ Bxf6 16. Rxf6 Rxf6 17. Bxe5 Qf7 18. Bxf6 Qxf6 19. c3 Bd7 20. Rf1 Qg6 21. Qxg6 hxg6 22. Bf3 Bc6 23. Bxc6 bxc6 24. Rf3 a5 25.
Kf2 a4 26. Rf4 axb3 27. axb3 Ra3 28. Rc4 Rxb3 29. Rxc5 Rb6 30. Ke3 Kf7 31. Kd4 Kf6 32. h4 Ra6 33. g4 Ra4+ 34. c4 Ra6 35. g5+ Ke7 36. Re5 Ra2 37. d3 Rh2 38. Kc5 Kd7 39.
Re4 Rh3 40. d4 Rf3 41. Re2 Rf4 42. Ra2 Rxh4 43. Ra7+ Ke8 44. Rxg7 Rg4 45. Rxg6 Kf7 46. Rh6 Rxg5+ 47. Kxc6 Rg4 48. Kc5 Rg5+ 49. Kd6 Rg4 50. d5 exd5 51. c5 d4 52. c6 d3 53. Kc5 d2 54. Rd6 Rg5+ 55. Kb6 Ke7 56. Rxd2 Rg1 57. Kb7 Rb1+ 58. Kc8 Rc1 59. c7 Rb1 60. Re2+ Kf7 61. Re4 Rb2 62. Kd7 Rd2+ 63. Kc6 Rc2+ 64. Kb6 Kf8 65.
Re5 1-0

[Event "*** Titled Tuesday Blitz"]
[Site "Chess.com"]
[Date "2018.06.05"]
[Round "4"]
[White "DSCC1"]
[Black "Triumphmate"]
[Result "1-0"]
[WhiteElo "2163"]
[BlackElo "2155"]
[TimeControl "180+2"]
[EndTime "13:59:40 PDT"]
[Termination "DSCC1 won by resignation"]

1. d4 Nf6 2. Nf3 e6 3. Bf4 c5 4. e3 Nc6 5. Nbd2 d5 6. c3 Qb6 7. Qb3 c4 8. Qxb6 axb6 9. a3 Bd7 10. h3 Be7 11. Be2 O-O 12. O-O b5 13. Rfe1 Ne8 14. e4 f5 15. exd5 exd5 16. Ne5 Nxe5 17.
Bxe5 Bd6 18. Bf3 Bc6 19. Bxd6 Nxd6 20. Re5 Rae8 21. Rae1 Ne4 22. Rxe8 Rxe8 23. Bxe4 dxe4 24. a4 Ra8 25. Ra1 Kf7 26. Ra3 Ke6 27. h4 Kd5 28.
axb5 Rxa3 29. bxa3 Bxb5 30. Kf1 Ba4 31. Ke2 Bc2 32.
Ke3 h6 33. Kf4 g6 34. Nf1 Bd3 35. Ne3+ Ke6 36. g3 Kf6 37. Nd5+ Ke6 38. Ne3 b5 39. g4 Kf6 40. g5+ hxg5+ 41. hxg5+ Ke6 42. Ng2 Be2 43. Ne3 Bf3 44. Nf1 Kd6 45. Nd2 Be2 46. Ke3 Bd3 47. f3 Kd5 48. Kf4 exf3 49. Nxf3 Be4 50. Ne5 b4 51.
axb4 Bc2 52. Nxg6 Kc6 53. Nh4 Kb5 54. Nxf5 Ka4 55. g6 Kb3 56. g7 Kxc3 57. g8=Q Bb3 58.
d5 Kb2 59. d6 c3 60. Qg7 Ka3 61. Qxc3 Ka2 62. Qxb3+ Kxb3 63. b5 1-0

[Event "*** Titled Tuesday Blitz"]
[Site "Chess.com"]
[Date "2018.06.05"]
[Round "4"]
[White "Keranke"]
[Black "Shant_Sargsyan"]
[Result "1/2-1/2"]
[WhiteElo "2737"]
[BlackElo "2903"]
[TimeControl "180+2"]
[EndTime "13:59:41 PDT"]
[Termination "Game drawn by repetition"]

1. d4 Nf6 2. Nf3 d5 3. Bf4 c5 4. e3 Nc6 5. Nc3 a6 6. dxc5 e6 7. Na4 Bxc5 8. Nxc5 Qa5+ 9. c3 Qxc5 10. Bd3 Qe7 11.
Ne5 Bd7 12. O-O O-O 13. Qf3 Rfd8 14. Rfd1 Be8 15. Qh3 Nxe5 16. Bxe5 h6 17. Qh4 Rac8 18. e4 Bc6 19. exd5 Rxd5 20. Bxf6 Qxf6 21. Qxf6 gxf6 22. Be2 Kf8 23. Rxd5 Bxd5 24. a3 Ke7 25. Rd1 f5 26. g3 Kf6 27. f4 b5 28. Rd4 Ke7 29. Kf2 f6 30. a4 Bc4 31. axb5 axb5 32. Ke3 e5 33. Rd1 Ra8 34. Bxc4 bxc4 35. Rd5 Ke6 36. Rb5 Ra1 37. Rb6+ Ke7 38. fxe5 fxe5 39. Rxh6 Re1+ 40. Kf2 Rh1 41. Kg2 Rd1 42. Rb6 Rd2+ 43. Kg1 e4 44. h4 e3 45. Kf1 Rf2+ 46. Ke1 Rg2 47. h5 Rxg3 48. h6 Rh3 49. h7 Kf7 50. Rc6 f4 51. Ke2 Rh2+ 52. Kf3 Rf2+ 53. Kg4 Kg7 54. Rc7+ Kh8 55.
Kg5 e2 56. Kg6 Rg2+ 57. Kh6 Rh2+ 58. Kg6 Rg2+ 59. Kh6 Rh2+ 60. Kg6 Rg2+ 61. Kh6 Rh2+ 62. Kg6 Rg2+ 63. Kh6 Rh2+ 64. Kg6 1/2-1/2

[Event "*** Titled Tuesday Blitz"]
[Site "Chess.com"]
[Date "2018.06.05"]
[Round "4"]
[White "Iball95"]
[Black "MPGM"]
[Result "1-0"]
[WhiteElo "2541"]
[BlackElo "2377"]
[TimeControl "180+2"]
[EndTime "13:59:41 PDT"]
[Termination "Iball95 won by checkmate"]

1. d4 Nf6 2. Bf4 d5 3. e3 c5 4.
c3 Nc6 5. Nd2 e6 6. Ngf3 cxd4 7.
exd4 Nh5 8. Be5 f6 9. Bg3 g6 10.
Bd3 Bh6 11. Qc2 Nf4 12. Bxf4 Bxf4 13. O-O Qc7 14. Rfe1 O-O 15. Qb3 Kg7 16. c4 Bxd2 17.
Nxd2 Nxd4 18. Qb4 Nc6 19. Qa3 d4 20. Nf3 e5 21. b4 Bg4 22. Be4 a5 23. b5 Nb4 24.
Rac1 Rad8 25. c5 f5 26. b6 Qe7 27. Nxe5 Qxe5 28. Bxb7 Qf6 29. c6 d3 30. c7 d2 31.
cxd8=Q dxe1=Q+ 32. Rxe1 Rxd8 33. Qxa5 Nd3 34. Rf1 Be2 35.
Rb1 Qd4 36. Qd2 Qxf2+ 37. Kh1 Nf4 38. Qxd8 Bf1 39. Qc7+ Kh6 40. Qc6 Bxg2+ 41. Qxg2 Nxg2 42. Bxg2 Qxa2 43. Rf1 Qb2 44. b7 Kg5 45. h3 Kh4 46. Kh2 Qe5+ 47. Kg1 g5 48. Rb1 Qb8 49. Rc1 Qa7+ 50.
Kh2 Qb8+ 51. Kh1 Qf4 52. Rc8 Qd2 53. b8=Q Qe1+ 54. Kh2 h5 55. Rc4+ f4 56. Qb3 Qe5 57. Qf3 Qd6 58. Qf2# 1-0

[Event "*** Titled Tuesday Blitz"]
[Site "Chess.com"]
[Date "2018.06.05"]
[Round "4"]
[White "Fandorine"]
[Black "robbykevlishvili"]
[Result "1-0"]
[WhiteElo "2716"]
[BlackElo "2523"]
[TimeControl "180+2"]
[EndTime "13:59:42 PDT"]
[Termination "Fandorine won by checkmate"]

1. e4 c5 2. Nf3 d6 3. d4 cxd4 4. Nxd4 Nf6 5. Nc3 a6 6. Be3 e5 7.
Nf3 Qc7 8. a4 Be6 9. a5 Nbd7 10.
Nd5 Nxd5 11. exd5 Bf5 12. c4 Be7 13. Be2 O-O 14. O-O h6 15. b4 Bh7 16. Nd2 f5 17. f4 Bf6 18. Rc1 Rae8 19. c5 dxc5 20. bxc5 exf4 21. Bf2 Qxa5 22. Nb3 Qd8 23. c6 bxc6 24.
dxc6 Ne5 25. Qxd8 Rxd8 26. c7 Ra8 27. Nc5 Rfe8 28. Nxa6 Ng4 29. Bc4+ Kh8 30. Bb5 Rec8 31. Bd7 Nxf2 32. Bxc8 Rxc8 33. Rxf2 Bd4 34. Rd1 Bb6 35.
Kf1 Bg8 36. Rxf4 Bxc7 37. Nxc7 Rxc7 38. Rxf5 Kh7 39. Rf2 Bc4+ 40. Kg1 Rb7 41. h3 Be6 42. Re1 Bd5 43. Rd2 Bc4 44. Re4 Bf7 45. Rde2 Kg6 46. Re7 Rxe7 47. Rxe7 Kf6 48. Ra7 Be6 49. Kf2 Bd5 50.
Ra6+ Kf7 51. Rd6 Ba8 52. g4 Be4 53. Kg3 Kg8 54. h4 Kf7 55. Kf4 Bc2 56. Rc6 Bd3 57. Rc3 Bb1 58. Ke5 Kg6 59. Rb3 Ba2 60. Rb6+ Kh7 61.
Kd6 Bc4 62. Ke7 Be2 63. Rb4 Kg6 64. Kf8 Bf3 65. Rb6+ Kh7 66. Rb4 g6 67. Rf4 Bd5 68. Rd4 Be6 69. g5 hxg5 70. hxg5 Bf5 71. Rh4# 1-0